 Dungeon Crawl Stone Soup version 0.31-a0-1066-g35875b34c7 (webtiles) character file.

Game seed: 12514676952358318744

98 MacCMillion the Shield-Bearer (level 4, 0/39 HPs)
             Began as an Armataur Fighter on Nov 22, 2023.
             Slain by a water moccasin (3 damage)
             ... on level 3 of the Dungeon.
             The game lasted 00:03:16 (1493 turns).

MacCMillion the Shield-Bearer (Armataur Fighter)    Turns: 1493, Time: 00:03:17

Health: 0/39       AC: 10    Str: 23    XL:     4   Next: 44%
Magic:  4/4        EV:  7    Int:  8    God:
Gold:   165        SH:  4    Dex: 10    Spells: 3/3 levels left

rFire   . . .        a - +0 flail
rCold   . . .        c - +0 buckler
rNeg    . . .        b - +0 scale mail
rPois   .            (no helmet)
rElec   .            (no cloak)
rCorr   .            e - +2 pair of gloves
SInv    .            (no barding)
Will    .....        g - amulet of regeneration Stlth
                     (no ring)
HPRegen 1.06/turn    (no ring)
MPRegen 0.09/turn

%: roll
@: lethally poisoned (0 -> -1)
A: large, rugged brown scales 3, deformed body, armoured tail, roll, long
tongue, awkward tongue
a: no special abilities


You were on level 3 of the Dungeon.
You visited 1 branch of the dungeon, and saw 3 of its levels.

You collected 165 gold pieces.

Inventory:

Hand Weapons
 a - a +0 flail (weapon)
Missiles
 m - 2 boomerangs
 n - 6 poisoned darts
Armour
 b - a +0 scale mail (worn)
 c - a +0 buckler (worn)
 e - a +2 pair of gloves (worn)
Jewellery
 g - an amulet of regeneration (around neck)
Scrolls
 f - 2 scrolls of teleportation {unknown}
 h - a scroll of fear {unknown}
 i - 2 scrolls of identify {unknown}
 l - 2 scrolls of poison {unknown}
 p - a scroll of fog {unknown}
Potions
 d - a potion of might
 j - a potion of degeneration {unknown}
 k - 3 potions of curing {unknown}
 o - a potion of attraction {unknown}
 q - a potion of lignification {unknown}


   Skills:
 - Level 2.6 Fighting
 + Level 3.9 Maces & Flails
 - Level 3.6 Armour
 - Level 4.0 Shields


You had 3 spell levels left.
You didn't know any spells.
Your spell library contained the following spells:

 Spells                   Type           Power      Damage    Failure   Level
 Shock                    Conj/Air       0%         1d3       78%         1
 Swiftness                Air            0%         N/A       98%         3
 Airstrike                Air            0%         2d(0-16)  100%        4


Dungeon Overview and Level Annotations

Branches:
Dungeon (3/15)

Altars:
Dithmenos


Innate Abilities, Weirdness & Mutations

You are completely covered in rugged brown scales. (AC +3, +7% HP)
Armour fits poorly on your strangely shaped body.
You have a long armoured tail.
You roll when moving toward enemies. (Rampage)
Your long tongue fully drains potion bottles. (2x potion effects)
Your tongue gives you trouble enunciating. (1.5x scroll delay)


Message History

The water moccasin barely misses you.
You miss the water moccasin.
Your tail-slap misses the water moccasin.
The water moccasin is lightly wounded.
You feel very sick. The water moccasin barely misses you.
The water moccasin closely misses you.
You closely miss the water moccasin.
The water moccasin is lightly wounded.
You feel very sick. The water moccasin bites you.
The water moccasin bites you but does no damage.
You sock the water moccasin!
The water moccasin is heavily wounded.
You feel very sick. The water moccasin bites you. x2
You are more poisoned.
The water moccasin poisons you!
You sock the water moccasin!
Your tail-slap misses the water moccasin.
The water moccasin is almost dead.
* * * LOW HITPOINT WARNING * * *
You feel very sick.
The water moccasin bites you but does no damage.
You barely miss the water moccasin.
The water moccasin is almost dead.
* * * LOW HITPOINT WARNING * * *
You feel very sick.
The water moccasin bites you but does no damage. x2
You miss the water moccasin.
The water moccasin is almost dead.
* * * LOW HITPOINT WARNING * * *
You feel very sick. You block the water moccasin's attack.
The water moccasin bites you but does no damage.
You miss the water moccasin.
The water moccasin is almost dead.
You feel sick.
The water moccasin bites you but does no damage.
The water moccasin bites you.
You die...

#.# #.# # #.#
.## # #.# ..#.#
#.# ...$.#
###.#####...#.#
#...S)........#
#S#...........#
#@#####....?..#
#.# ##....#.#
#.# ....# #†#
.#.... #.#
......g #.# ##
##.. #.# .. #.#
#.#


You could see a water moccasin.

Vanquished Creatures
  3 adders (D:2)
  2 worms (D:2)
  3 dart slugs
  8 ball pythons
  4 bats
  4 endoplasms
  2 giant cockroaches
  6 goblins
  5 hobgoblins
  2 jackals (D:2)
  3 quokkas
  A frilled lizard (D:1)
  7 kobolds
  5 rats
55 creatures vanquished.

Notes
Turn   | Place    | Note
-------+----------+-------------------------------------------
     0 | D:1      | MacCMillion the Armataur Fighter began the quest for the
                  | Orb.
     0 | D:1      | Reached XP level 1. HP: 19/19 MP: 1/1
   182 | D:1      | Reached XP level 2. HP: 26/26 MP: 2/2
   435 | D:1      | Reached skill level 4 in Shields
   439 | D:1      | Reached XP level 3. HP: 32/32 MP: 3/3
   902 | D:2      | Found a shadowy altar of Dithmenos.
   935 | D:2      | Reached XP level 4. HP: 39/39 MP: 4/4
  1475 | D:3      | Noticed a water moccasin
  1493 | D:3      | Slain by a water moccasin

Illustrated notes

Levels and vault maps discovered:
D:1:      dpeg_arrival_pond, layout_loops_cross, minmay_pentomino_v2
D:2:      layout_loops_ring, basic_altar, hangedman_decor_push
D:3:      layout_loops_ring, gammafunk_temple_overflow_wave, st_stairs_13

Skill      XL: |  1  2  3 |
---------------+----------+-----
Maces & Flails | 2 3 |  3.9
Shields        | 4 |  4.0
Fighting       | |  2.6
Armour         | |  3.6

Action                     |  1- 3 |  4- 6 || total
---------------------------+-------+-------++-------
  Melee: Flail             |   113 |    41 ||   154
         Tailslap          |    10 |     3 ||    13
 Armour: Scale mail        |    84 |    32 ||   116
  Dodge: Dodged            |    46 |    12 ||    58
  Block: Buckler           |    14 |     3 ||    17

Table legend: (Time is in decaauts)
 A = Elapsed time spent in this place.
 B = Non-inter-level travel time spent in this place.
 C = Inter-level travel time spent in this place.
 D = Time resting spent in this place.
 E = Time spent auto-exploring this place.
 F = Levels seen in this place.
 G = Mean time per level.
                   A        B        C        D        E       F      G
               +--------+--------+--------+--------+--------+-----+--------+
         Total |   1537 |   1511 |     26 |      4 |   1113 |   3 |  512.3 |
       Dungeon |   1537 |   1511 |     26 |      4 |   1113 |   3 |  512.3 |
               +--------+--------+--------+--------+--------+-----+--------+

Top non-repeatable levels by time:
     D:1: 760 daAuts
     D:2: 650 daAuts
     D:3: 127 daAuts
